AoeStats
← Horizon

Arena

509440346Analyzed
1v1 RM · 5d ago on Sep 26, 2026· 53m 38s· 2 players
Game mode
Random Map
Map size
Tiny (2 player)
Population
200
Speed
Normal
Resources
Standard
Victory
Conquest
Starting age
Dark Age
Ending age
Imperial Age
RankedLock teamsTeams togetherTeam positionsShared explorationLock speedFull tech treeHidden civsTurbo modeCheats
Victory
Defeat
🇮🇹 Dravidians · Italy
1440
+17
🇵🇰 Dravidians · Pakistan
1453
-17
OS | JacobuS
5:58 Loom
6:04 Loom
9:14 Feudal Age
9:59 Double-Bit Axe
13:02 Fletching
17:29 Wheelbarrow
21:00 Castle Age
20:13 Stone Mining
20:08 Horse Collar
21:52 Bodkin Arrow
31:03 Imperial Age
28:37 Crossbowman
30:37 Bodkin Arrow
31:16 Ballistics
31:24 Bow Saw
31:15 Heavy Plow
32:07 Conscription
33:53 Chemistry
33:47 Arbalester
35:55 Bracer
37:50 Padded Archer Armor
38:14 Scale Mail Armor
38:19 Squires
38:04 Arson
38:05 Gambesons
38:59 Elite Urumi Swordsman
41:10 Chain Mail Armor
41:35 Forging
41:26 Gold Mining
42:50 Padded Archer Armor
43:23 Plate Mail Armor
42:47 Town Watch
44:10 Padded Archer Armor
44:23 Masonry
43:44 Elite Elephant Archer
44:32 Thumb Ring
45:50 Hand Cart
45:51 Leather Archer Armor
45:58 Medical Corps
47:16 Devotion
48:11 Ring Archer Armor
48:57 Town Patrol
52:38 Iron Casting
52:06 Husbandry
53:24 Hoardings
Horizon
8:15 Loom
10:01 Feudal Age
8:32 Loom
9:18 Loom
11:10 Feudal Age
12:32 Double-Bit Axe
12:31 Horse Collar
15:56 Castle Age
18:18 Pikeman
23:54 Gold Mining
26:13 Bow Saw
25:38 Man-at-Arms
26:57 Heavy Plow
28:01 Wheelbarrow
27:39 Town Watch
32:43 Imperial Age
30:20 Fletching
31:10 Hand Cart
30:49 Stone Mining
31:02 Bodkin Arrow
31:33 Padded Archer Armor
32:46 Ballistics
33:00 Leather Archer Armor
32:14 Elite Skirmisher
33:29 Bracer
34:33 Chemistry
33:43 Bracer
39:26 Bracer
46:58 Squires
50:00 Ring Archer Armor
50:08 Scale Mail Armor
Connection lost

Rejoining the realm…

Still unreachable

The connection could not be restored.

Session expired

The server has moved on; the page needs a fresh start.